 Dungeon Crawl Stone Soup version 0.32-a0-599-gba8f9cf90e (webtiles) character file.

Game seed: 12018051311760354723

1927 dialectric the Trooper (level 8, -7/73 HPs)
             Began as a Black Draconian Shapeshifter on Mar 2, 2024.
             Was a Priest of Lugonu.
             Mangled by a yak (10 damage)
             ... on level 7 of the Dungeon.
             The game lasted 00:06:48 (7360 turns).

dialectric the Trooper (DrSh)                       Turns: 7360, Time: 00:06:49

Health: -7/73      AC:  6    Str: 19    XL:     8   Next: 96%
Magic:  8/8        EV: 13    Int: 11    God:    Lugonu [***...]
Gold:   416        SH:  0    Dex: 10    Spells: 7/7 levels left

rFire   . . .        l - +2 short sword (drain)
rCold   . . .        (no shield)
rNeg    . . .        (body armour unavailable)
rPois   .            (helmet currently unavailable)
rElec   +            (cloak currently unavailable)
rCorr   .            (gloves currently unavailable)
SInv    +            (boots currently unavailable)
Will    .....        (no amulet)
Stlth   +            (no ring)
HPRegen 0.32/turn    (no ring)
MPRegen 0.11/turn

%: no passive effects
@: beast-form
A: beast (slay +3), galvanic breath, AC +6, unfitting armour, electricity
resistance, cold-blooded
a: Galvanic Breath, Begin Untransformation, Renounce Religion, Depart the Abyss,
Banish


You were on level 7 of the Dungeon.
You worshipped Lugonu.
Lugonu was most pleased with you.
You were a hulking beast.
You visited 1 branch of the dungeon, and saw 8 of its levels.

You collected 416 gold pieces.

Inventory:

Hand Weapons
 d - a +0 trident of freezing
 l - a +2 short sword of draining (weapon)
Missiles
 r - 3 throwing nets (quivered)
 u - 3 poisoned darts
Armour
 x - a +0 helmet
Jewellery
 i - a +4 ring of protection
 j - a +5 ring of evasion
 v - an amulet of guardian spirit
Talismans
 b - a beast talisman (active)
 c - a flux talisman
 w - a maw talisman
Wands
 g - a wand of mindburst (20)
 A - a wand of digging (7)
Scrolls
 a - a scroll of teleportation {unknown}
 m - a scroll of immolation
 q - 3 scrolls of vulnerability
 t - a scroll of revelation
 y - 2 scrolls of noise {unknown}
Potions
 e - 2 potions of berserk rage {unknown}
 f - 3 potions of attraction
 h - a potion of ambrosia {unknown}
 k - 2 potions of cancellation
 n - 4 potions of curing
 o - 2 potions of heal wounds {unknown}
 p - a potion of haste
 s - 2 potions of might
 z - 2 potions of mutation {unknown}


   Skills:
 * Level 7.1 Fighting
 + Level 4.2 Short Blades
 + Level 4.7 Dodging
 - Level 1.1 Stealth
 - Level 4.0 Unarmed Combat
 * Level 6.5 Shapeshifting


You had 7 spell levels left.
You didn't know any spells.
Your spell library contained the following spells:

 Spells                   Type           Power      Damage    Failure   Level
 Sublimation of Blood     Necr           0%         N/A       47%         2
 Dazzling Flash           Conj/Hex       0%         N/A       71%         3
 Volatile Blastmotes      Fire/Tloc      0%         2d10      71%         3
 Petrify                  Alch/Erth      0%         N/A       98%         4
 Irradiate                Conj/Alch      0%         3d11      100%        5
 Starburst                Conj/Fire      0%         6d3       100%        6
 Maxwell's Capacitive Co  Air            0%         ∞         100%        8


Dungeon Overview and Level Annotations

Branches:
Dungeon (8/15)             Temple (0/1) D:5            Lair (0/5) D:8

Altars:
Cheibriados
Elyvilon
Nemelex Xobeh
Sif Muna
Trog
Lugonu

Shops:
D:6 :

Annotations:
D:3 Eustachio


Innate Abilities, Weirdness & Mutations

You are a hulking beast.
Your limbs bulge with bestial killing power. (Slay +3)
You can breathe arcing electricity.
Your glossy black scales are hard. (AC +6)
You cannot fit into any form of body armour.
You are resistant to electric shocks. (rElec)
You are cold-blooded and may be slowed by cold attacks.


Message History

You hit the yak.
The yak is moderately wounded.
The yak completely misses you.
You puncture the yak!
The yak is heavily wounded.
The yak misses you.
Unknown command.
You hit the yak. You drain the yak.
Your tail-slap misses the yak.
The yak is severely wounded.
You hit the yak but do no damage. You drain the yak. You tail-slap the yak.
The yak is almost dead.
The yak gores you.
You hit the yak.
You kill the yak!
Lugonu accepts your kill.
No target in view!
Unknown command.
Unknown command.
You start resting.
HP restored.
There is a stone staircase leading down here.
You climb downwards.
The yak bellows!
The yak gores you. The death yak gores you!! The yak closely misses you.
The yak gores you. The death yak gores you! The yak gores you!
* * * LOW HITPOINT WARNING * * *
The yak closely misses you. The yak gores you but does no damage.
There is a stone staircase leading up, spattered with blood here.
The yak gores you.
* * * LOW HITPOINT WARNING * * *
The yak gores you but does no damage. The death yak gores you!
* * * LOW HITPOINT WARNING * * *
The yak misses you.
You climb upwards.
There is a stone staircase leading down here.
Unknown command.
As you read the scroll labelled ROSHRU VOKOWUCH, it crumbles to dust.
You feel momentarily disoriented.
It was a scroll of revelation.
The yak gores you!
You die...

.......####...#
........#.....########
.###....#....#########
.###.##.#....#########
.#.#.#........########
...#....#.......######
........######....####
.........#######YY####
.....#...######Yh#####
....<#....##.##÷Y#####
.........###.....#####
.#.........[.....#####
.#...........#.#######
.........#############
.......###############
..#.##.# #############
..######


You could see a death yak and 3 yaks.

Vanquished Creatures
  A cane toad (D:7)
  A yak (D:7)
  A water moccasin (D:7)
  A black bear (D:5)
  A sky beast (D:7)
  A phantom (D:3)
  3 bullfrogs
  2 gnoll sergeants
  4 wights
  A jelly (D:3)
  A hound (D:6)
  An orc priest (D:7)
  4 iguanas
  3 orc wizards
  2 sleepcaps (D:4)
  8 gnolls
  7 adders
  2 shadow imps
  4 ufetubi
  3 dart slugs
  A ribbon worm (D:5)
  12 orcs
  5 endoplasms
  4 giant cockroaches
  5 goblins
  3 hobgoblins (D:1)
  6 kobolds
  4 quokkas
  10 ball pythons
  2 bats
  2 frilled lizards (D:3)
  6 rats
111 creatures vanquished.

Notes
Turn   | Place    | Note
-------+----------+-------------------------------------------
     0 | D:1      | dialectric the Draconian Shapeshifter began the quest for
                  | the Orb.
     0 | D:1      | Reached XP level 1. HP: 16/16 MP: 1/1
    33 | D:1      | Found a faded altar of an unknown god.
    64 | D:1      | Prayed at the altar of an unknown god.
    64 | D:1      | Became a worshipper of Lugonu the Unformed
    64 | D:1      | Reached * piety under Lugonu
   131 | D:1      | Reached XP level 2. HP: 23/23 MP: 2/2
   926 | D:2      | Reached skill level 2 in Fighting
   926 | D:2      | Reached XP level 3. HP: 23/29 MP: 3/3
  1859 | D:3      | Reached ** piety under Lugonu
  2015 | D:3      | Found a sparkling altar of Nemelex Xobeh.
  2108 | D:3      | Found a white marble altar of Elyvilon.
  2243 | D:3      | Found a shimmering blue altar of Sif Muna.
  2347 | D:3      | Reached XP level 4. HP: 37/37 MP: 4/4
  2546 | D:4      | Noticed Eustachio
  2698 | D:4      | Noticed a phantom
  2823 | D:3      | Killed a phantom
  2824 | D:3      | Reached skill level 1 in Short Blades
  2824 | D:3      | Reached XP level 5. HP: 10/44 MP: 5/5
  2983 | D:3      | HP: 2/44 [white imp[Eustachio] (2)]
  3191 | D:4      | Reached skill level 3 in Fighting
  3537 | D:4      | Found a bloodstained altar of Trog.
  3544 | D:4      | Reached XP level 6. HP: 51/51 MP: 6/6
  3663 | D:5      | Entered Level 5 of the Dungeon
  4018 | D:5      | Found a staircase to the Ecumenical Temple.
  4208 | D:5      | Reached skill level 1 in Stealth
  4804 | D:6      | Reached skill level 4 in Fighting
  4999 | D:6      | Your scales start taking on a glossy black colour.
  4999 | D:6      | Reached XP level 7. HP: 59/59 MP: 7/7
  4999 | D:6      | Gained mutation: You are resistant to electric shocks.
                  | (rElec) [Black Draconian growth]
  5067 | D:6      | Found Cith's Book Shop.
  5067 | D:6      | Noticed a walking frostbound tome
  5069 | D:6      | Noticed a walking earthen tome
  5648 | D:5      | HP: 1/60 [gnoll/+0 whip[a gnoll sergeant] (7)]
  5907 | D:7      | Reached *** piety under Lugonu
  5908 | D:7      | Reached skill level 5 in Fighting
  5908 | D:7      | Reached skill level 5 in Shapeshifting
  6192 | D:7      | Reached XP level 8. HP: 37/69 MP: 8/8
  6414 | D:7      | Reached skill level 6 in Fighting
  6785 | D:7      | Found a snail-covered altar of Cheibriados.
  7112 | D:8      | Noticed a cane toad
  7115 | D:8      | Noticed a death yak
  7115 | D:8      | Found a staircase to the Lair.
  7120 | D:7      | Killed a cane toad
  7154 | D:6      | Reached skill level 7 in Fighting
  7358 | D:8      | HP: 3/73 [death yak (10)]
  7360 | D:7      | Mangled by a yak

Illustrated notes

Levels and vault maps discovered:
D:1:      arrival_zaba_pyramid, layout_basic, ebering_ecumenical_altar_hall
D:2:      layout_loops_corners
D:3:      layout_basic, elyvilon_altar_5, mainiacjoe_overflow_paths,
          hellmonk_sif_muna_bookshelves
D:4:      layout_basic, nicolae_overflow_crystal_walls, uniq_eustachio
D:5:      layout_basic, minmay_temple_entry_statues_pillars
D:6:      layout_loops_corners, serial_shops, nicolae_shop_mannequins
D:7:      wander_river, layout_cave_pools, general_overflow_altar
D:8:      layout_loops_corners, dpeg_lair_monsters, minmay_misc_feat_square

Skill      XL: |  1  2  3  4  5  6  7  8 |
---------------+-------------------------+-----
Dodging        | 2 3 4 |  4.7
Fighting       | 2 3 4 5 7 |  7.1
Short Blades   | 1 2 3 4 |  4.2
Unarmed Combat | 4 |  4.0
Shapeshifting  | 4 5 6 |  6.5
Stealth        | 1 |  1.1

Action                     |  1- 3 |  4- 6 |  7- 9 || total
---------------------------+-------+-------+-------++-------
  Melee: Unarmed           |   110 |       |       ||   110
         Tailslap          |    13 |    21 |    25 ||    59
         Short sword       |     8 |   145 |   160 ||   313
         Punch             |     2 |       |       ||     2
Ability: Galvanic Breath   |       |       |     2 ||     2
    Use: Scroll            |       |     6 |     3 ||     9
         Potion            |       |       |     3 ||     3
   Stab: Sleeping          |       |     1 |       ||     1
 Armour: Skin              |    69 |   128 |   148 ||   345
  Dodge: Dodged            |    72 |   106 |   127 ||   305

Table legend: (Time is in decaauts)
 A = Elapsed time spent in this place.
 B = Non-inter-level travel time spent in this place.
 C = Inter-level travel time spent in this place.
 D = Time resting spent in this place.
 E = Time spent auto-exploring this place.
 F = Levels seen in this place.
 G = Mean time per level.
                   A        B        C        D        E       F      G
               +--------+--------+--------+--------+--------+-----+--------+
         Total |   7346 |   7065 |    281 |   1036 |   4921 |   8 |  918.2 |
       Dungeon |   7346 |   7065 |    281 |   1036 |   4921 |   8 |  918.2 |
               +--------+--------+--------+--------+--------+-----+--------+

Top non-repeatable levels by time:
     D:5: 1176 daAuts
     D:6: 1143 daAuts
     D:3: 1028 daAuts
     D:2: 995 daAuts
     D:1: 859 daAuts
     D:7: 838 daAuts
     D:4: 775 daAuts
     D:8: 530 daAuts
